 Dungeon Crawl Stone Soup version 0.22-a0-482-g76e0a5f (webtiles) character file.

62 opiumtea the Magician (level 4, 24/24 HPs)
             Began as a Kobold Wizard on June 17, 2018.
             Quit the game on level 2 of the Dungeon.
             The game lasted 00:09:20 (2782 turns).

opiumtea the Magician (Kobold Wizard)               Turns: 2782, Time: 00:09:20

Health: 24/24      AC:  2    Str:  4    XL:     4   Next: 28%
Magic:  10/10      EV: 15    Int: 20    God:
Gold:   179        SH:  0    Dex: 13    Spells: 1/11 levels left

rFire    . . .     SeeInvis .   p - +0 mace
rCold    + . .     Gourm    .   (shield restricted)
rNeg     . . .     Faith    .   h - +0 robe
rPois    .         Spirit   .   m - +0 hat
rElec    .         Reflect  .   (no cloak)
rCorr    .         Harm     .   (no gloves)
MR       .....                  (no boots)
Stlth    ++........             (no amulet)
HPRegen  0.08/turn              l - ring of protection from cold
MPRegen  0.12/turn              (no ring)

@: no status effects
A: small, carnivore
a: no special abilities


You were on level 2 of the Dungeon.
You were completely stuffed.

You visited 1 branch of the dungeon, and saw 2 of its levels.

You collected 179 gold pieces.

Inventory:

Hand Weapons
 a - a +0 dagger
 p - a +0 mace (weapon)
Armour
 h - a +0 robe (worn)
 m - a +0 hat (worn)
Jewellery
 g - an uncursed ring of teleportation
 l - a ring of protection from cold (left hand)
Scrolls
 e - a scroll of remove curse
 f - a scroll of immolation
 j - a scroll of teleportation {unknown}
 k - a scroll of amnesia
Potions
 b - 3 potions of heal wounds {unknown}
 c - a potion of curing
 i - a potion of flight {unknown}
 o - a potion of cancellation {unknown}
Comestibles
 d - 7 rations
 n - 2 chunks of flesh


   Skills:
 + Level 0.3 Fighting
 + Level 0.3 Short Blades
 + Level 3.0 Dodging
 + Level 3.3 Stealth
 + Level 4.3 Spellcasting
 + Level 1.4 Conjurations
 + Level 1.0 Summonings
 + Level 1.0 Translocations


You had one spell level left.
You knew the following spells:

 Your Spells              Type           Power        Failure   Level  Hunger
a - Magic Dart            Conj           ##..         7%          1    None
b - Blink                 Tloc           N/A          12%         2    #......
c - Call Imp              Summ           #.......     12%         2    #......
d - Conjure Flame         Conj/Fire      #.......     28%         3    ###....
e - Slow                  Hex            #.......     19%         2    #......

Your spell library contained the following spells:

 Spells                   Type           Power        Failure   Level  Hunger
 Mephitic Cloud           Conj/Pois/Air  #.......     30%         3    ###....


Dungeon Overview and Level Annotations

Branches:
Dungeon (2/15)

Altars:
Cheibriados


Innate Abilities, Weirdness & Mutations

You are small and have problems with some larger weapons.
You are carnivorous and can eat meat at any time.


Message History

You see here a giant cockroach corpse.
You butcher the giant cockroach corpse.
n - 2 chunks of flesh (gained 1)
There is a stone staircase leading down, spattered with blood here.
You start resting.
HP restored.
You start resting.
Magic restored.
Search for what [? for help]? weapon
There is an open door here.
You see here a chain mail.
There is a stone staircase leading down, spattered with blood here.
You climb downwards.
There is a stone staircase leading up here.
You see here a mace.
p - a mace You resume training Maces & Flails.
Wield which item (- for none, * to show all)? (? for menu, Esc to quit)
p - a +0 mace (weapon)
Are you sure you want to abandon this character and quit the game? (Confirm with "yes".)

#.######)# #.# ##.######.######
#.# ...#..)........#########.#
####.####..............#.######
#.# #.###...####..........# #.#
##.###...## #(########.#
##.###...##....# #.#
#......_.......###.#####
###...##...###..@<.......#
......###.## #....##.###.#
####..###.# #.....#.# #.#
#......####.......###.#.#
#......................#
###.##...#..(><...###..#
#.###.##......#.# #..# #.#
#.##.....##.# #..#
#.###.##.....##.###..#


There were no monsters in sight!

Vanquished Creatures
  2 adders
  2 dart slugs (D:1)
  5 giant cockroaches
  6 goblins
  3 hobgoblins
  8 jackals
  4 kobolds (D:2)
  A ball python (D:1)
  2 bats (D:1)
  A rat (D:1)
34 creatures vanquished.

Notes
Turn   | Place    | Note
-------+----------+-------------------------------------------
     0 | D:1      | opiumtea the Kobold Wizard began the quest for the Orb.
     0 | D:1      | Reached XP level 1. HP: 10/10 MP: 4/4
   229 | D:1      | Reached XP level 2. HP: 15/15 MP: 0/6
  1057 | D:1      | Reached XP level 3. HP: 12/19 MP: 1/8
  1065 | D:1      | Reached skill level 4 in Spellcasting
  1621 | D:2      | Found a snail-covered altar of Cheibriados.
  1948 | D:2      | Learned a level 2 spell: Blink
  1951 | D:2      | Learned a level 2 spell: Call Imp
  1955 | D:2      | Learned a level 3 spell: Conjure Flame
  1958 | D:2      | Learned a level 2 spell: Slow
  2244 | D:2      | Reached XP level 4. HP: 7/24 MP: 0/10
  2782 | D:2      | Quit the game

Vault maps used:
D:1:      eino_arrival_druids_welcome
D:2:      nicolae_overflow_crystal_walls, gammafunk_temple_overflow_pools

Skill      XL: |  1  2  3  4 |
---------------+-------------+-----
Spellcasting   | 4 |  4.3
Stealth        | 3 |  3.3
Dodging        | 3 |  3.0
Fighting       | |  0.3
Short Blades   | |  0.3
Conjurations   | |  1.4
Summonings     | |  1.0
Translocations | |  1.0

Action                   |  1- 3 |  4- 6 || total
-------------------------+-------+-------++-------
Melee: Mace              |    27 |       ||    27
       Dagger            |    14 |    27 ||    41
 Cast: Magic Dart        |    91 |    15 ||   106
       Conjure Flame     |       |     1 ||     1
       Call Imp          |       |     1 ||     1
  Use: Scroll            |     4 |     1 ||     5
       Potion            |     1 |       ||     1
 Stab: Sleeping          |     1 |       ||     1
  Eat: Chunk             |    12 |     2 ||    14
Armor: Robe              |    13 |    11 ||    24
Dodge: Dodged            |   105 |    24 ||   129

Table legend:
 A = Spawn XP
 B = Non-spawn XP
 C = Spawn XP percentage of total XP
 D = Spawn monster count
 E = Non-spawn monster count
 F = Spawn count percentage of total count
 G = Total turns spent on level
                    A         B        C        D         E        F      G
               +---------+---------+-------+---------+---------+-------+---------
         Total |       0 |      89 |   0.0 |       0 |      34 |   0.0 |  2782
               +---------+---------+-------+---------+---------+-------+---------
           D:1 |       0 |      57 |   0.0 |       0 |      23 |   0.0 |  1947
           D:2 |       0 |      32 |   0.0 |       0 |      11 |   0.0 |   835
               +---------+---------+-------+---------+---------+-------+---------
